 Dungeon Crawl Stone Soup version 0.17-a0-910-ga669010 (webtiles) character file.

75 laxity the Firebug (level 4, 0/24 HPs)
             Began as a Deep Elf Fire Elementalist on May 2, 2015.
             Shot with a stone by a goblin (6 damage)
             ... led by Robin
             ... on level 3 of the Dungeon.
             The game lasted 00:04:43 (2014 turns).

laxity the Firebug (Deep Elf Fire Elementalist)     Turns: 2014, Time: 00:04:43

Health: 0/24       AC:  2    Str:  5    XL:     4   Next: 11%
Magic:  1/10       EV: 13    Int: 21    God:
Gold:   165        SH:  0    Dex: 15    Spells: 3 memorised, 3 levels left

rFire  + . .     SeeInvis .     (no weapon)
rCold  . . .     Clarity  .     a - +0 robe
rNeg   . . .     SustAb   .     (no shield)
rPois  .         Gourm    .     (no helmet)
rElec  .         Spirit   .     (no cloak)
rCorr  .         Warding  .     (no gloves)
rMut   .         Stasis   .     (no boots)
MR     .....                    (no amulet)
Stlth  ++........               (no ring)
                                t - ring of protection from fire

@: not resistant to hostile enchantments, unstealthy
A: no striking features
a: no special abilities


You were on level 3 of the Dungeon.
You were not hungry.

You visited 1 branch of the dungeon, and saw 3 of its levels.

You collected 165 gold pieces.

Inventory:

Armour
 a - a +0 robe (worn)
Jewellery
 t - a ring of protection from fire (left hand)
Scrolls
 g - 2 scrolls of identify {unknown}
 k - a scroll of random uselessness {unknown}
 l - a scroll of teleportation {unknown}
 m - 2 scrolls of remove curse {unknown}
 p - 2 scrolls of blinking {unknown}
 q - a scroll of enchant armour {unknown}
 r - 2 scrolls of magic mapping {unknown}
Potions
 d - a potion of flight {unknown}
 e - a potion of curing {unknown}
 f - a potion of brilliance {unknown}
 h - 2 potions of lignification {unknown}
 j - 2 potions of heal wounds {unknown}
 n - a potion of might {unknown}
 o - a potion of haste
 u - a potion of invisibility {unknown}
 v - a potion of resistance {unknown}
Books
 b - a book of Flames

   Spells                             Type                      Level
   a - Flame Tongue                   Conjuration/Fire             1
   b - Throw Flame                    Conjuration/Fire             2
   c - Conjure Flame                  Conjuration/Fire             3
   d - Inner Flame                    Hexes/Fire                   3
   e - Sticky Flame                   Conjuration/Fire             4
   f - Fireball                       Conjuration/Fire             5
Comestibles
 c - 4 bread rations
 i - 3 meat rations
 s - 3 fruits
 w - 2 chunks of flesh


   Skills:
 - Level 2.4 Dodging
 - Level 2.4 Stealth
 + Level 3.2 Spellcasting
 + Level 1.2 Conjurations
 + Level 5.3 Fire Magic


You had 3 spell levels left.
You knew the following spells:

 Your Spells              Type           Power        Failure   Level  Hunger
a - Flame Tongue          Conj/Fire      ###..        3%          1    None
b - Throw Flame           Conj/Fire      ###...       6%          2    ##.....
c - Conjure Flame         Conj/Fire      ###.....     12%         3    ###....


Dungeon Overview and Level Annotations

Branches:
Dungeon (3/15)

Altars:
Dithmenos
Fedhas


Message History

Robin closely misses you. Robin hits you with a mace! Robin barely misses you.
Robin closely misses you.
Casting: Flame Tongue
Confirm with . or Enter, or press ? or * to list all spells.
Aiming: Flame Tongue
Press: ? - help, Shift-Dir - straight line, f/p - Robin
Aim: Robin, wielding a mace, wearing an animal skin and wearing a helmet (almost dead, fast)
The flame tongue hits Robin.
You kill Robin!
You have reached level 4!
You feel clever.
The goblin shoots a stone.
The stone hits you.
A goblin comes into view.
The goblin shoots a stone.
The stone hits you.
* * * LOW HITPOINT WARNING * * *
You see here a robe.
The goblin shoots a stone.
The stone hits you.
You die...

....... ####### ......g
#.....# ...g.##
#.....######
#...###.....g.g(.## #..
#..##.....####[.######.#.#
##..##g#### ##..##....#.#
##(##(# #####....####.#
#)†.g#####...g.........##
##..##..@..#####.........
.....##.##### #.......##
####.(.. #....÷.... #g...
#......... ......
##.#....#. ##.####.
#.#....# ..# ###.#....#
.## #...#....# #.#......#


You could see 2 goblins.

Vanquished Creatures
  Robin (D:3)
  2 adders (D:2)
  2 giant geckos
  2 bats
  3 giant cockroaches
  8 goblins
  5 hobgoblins
  3 quokkas (D:2)
  A giant newt (D:3)
  3 jackals (D:1)
  7 kobolds
  6 rats
43 creatures vanquished.

Notes
Turn   | Place    | Note
--------------------------------------------------------------
     0 | D:1      | laxity, the Deep Elf Fire Elementalist, began the quest for the Orb.
     0 | D:1      | Reached XP level 1. HP: 10/10 MP: 6/6
   527 | D:1      | Reached skill level 4 in Fire Magic
   527 | D:1      | Reached XP level 2. HP: 15/15 MP: 6/8
   531 | D:1      | Learned a level 2 spell: Throw Flame
  1032 | D:2      | Found a shadowy altar of Dithmenos.
  1146 | D:2      | Reached XP level 3. HP: 12/19 MP: 0/9
  1265 | D:2      | Learned a level 3 spell: Conjure Flame
  1283 | D:2      | Found a blossoming altar of Fedhas.
  1676 | D:2      | Reached skill level 5 in Fire Magic
  1977 | D:3      | Noticed Robin
  2004 | D:3      | Killed Robin
  2004 | D:3      | Reached XP level 4. HP: 12/24 MP: 0/10
  2014 | D:3      | Shot with a stone by a goblin

Action                   |  1- 3 |  4- 6 || total
-------------------------+-------+-------++-------
Melee: Unarmed           |    12 |       ||    12
 Cast: Flame Tongue      |    83 |     1 ||    84
  Eat: Chunk             |     3 |       ||     3
